 Dungeon Crawl Stone Soup version 0.25-a0-1130-g3926558f3a (webtiles) character file.

Game seed: 4473226880794799172, levelgen mode: deterministic

84 HoaS the Ruffian (level 4, -3/29 HPs)
             Began as a Gargoyle Berserker on May 19, 2020.
             Was a Believer of Trog.
             Slain by an orc priest
             ... wielding a +0 hand axe
              (6 damage)
             ... on level 3 of the Dungeon.
             The game lasted 00:03:27 (1913 turns).

HoaS the Ruffian (Gargoyle Berserker)               Turns: 1913, Time: 00:03:27

Health: -3/29      AC: 10    Str: 21    XL:     4   Next: 46%
Magic:  4/4        EV: 10    Int:  7    God:    Trog [**....]
Gold:   98         SH:  0    Dex: 10    Spells: 3/3 levels left

rFire    . . .     SeeInvis .     - Unarmed
rCold    . . .     Gourm    .   (no shield)
rNeg     + . .     Faith    .   q - +0 scale mail
rPois    ∞         Spirit   .   (no helmet)
rElec    +         Reflect  .   (no cloak)
rCorr    .         Harm     .   (no gloves)
MR       ++...                  (no boots)
Stlth    ..........             (no amulet)
HPRegen  1.09/turn              (no ring)
MPRegen  0.09/turn              (no ring)

@: regenerating (expiring)
A: negative energy resistance 1, electricity resistance, unbreathing,
petrification resistance, rot immunity, AC +3
a: Berserk, Trog's Hand, Renounce Religion


You were on level 3 of the Dungeon.
You worshipped Trog.
Trog was pleased with you.
You were hungry.

You visited 1 branch of the dungeon, and saw 3 of its levels.

You collected 98 gold pieces.

Inventory:

Missiles
 e - 46 bolts
 m - 40 arrows
Armour
 q - a +0 scale mail (worn)
Jewellery
 l - a +6 ring of intelligence {unknown}
Scrolls
 a - a scroll of blinking {unknown}
 d - a scroll of immolation {unknown}
 f - 3 scrolls of identify {unknown}
 g - 2 scrolls of magic mapping {unknown}
 h - a scroll of enchant armour {unknown}
 k - a scroll of amnesia {unknown}
 n - a scroll of fog {unknown}
 o - a scroll of teleportation {unknown}
 p - a scroll of enchant weapon {unknown}
Potions
 i - 3 potions of stabbing {unknown}
Comestibles
 b - 5 rations
 c - a chunk of flesh


   Skills:
 + Level 4.1 Fighting
 - Level 2.1 Armour
 - Level 1.5 Dodging
 * Level 4.5 Unarmed Combat


You had 3 spell levels left.
You didn't know any spells.
Your spell library was empty.

Dungeon Overview and Level Annotations

Branches:
Dungeon (3/15)

Altars:


Innate Abilities, Weirdness & Mutations

You are resistant to torment.
Your stone body is resilient. (AC +3)
You are immune to poison.
You resist negative energy. (rN+)
You are resistant to electric shocks. (rElec)
You can survive without breathing.
You are immune to petrification.
You are immune to rotting.


Message History

You kill the orc!
Trog accepts your kill. The orc hits you.
An orc wizard comes into view.
It is wielding a +1 dagger of electrocution.
The orc priest begins to cast a cantrip, but forgets the words!
The orc wizard hits you but does no damage.
The orc hits you but does no damage.
The orc priest hits you but does no damage.
The orc wizard gestures at you while chanting.
The puff of flame hits you!
* * * LOW HITPOINT WARNING * * *
Things that are here:
a +0 mace; a +0 leather armour; an adder corpse You hit the orc priest but do no damage.
You feel the effects of Trog's Hand fading.
The orc hits you.
* * * LOW HITPOINT WARNING * * *
The orc wizard hits you but does no damage.
The orc priest hits you with a +0 hand axe.
You die...

##...# ... #.. ..#...
.... ##.#### .....
#####.... #......
####..##.......# #......
#...(...........##......
........................
..........###...##......
......oo..# #....<....
o...%.#@o.# ####......
So....#.o.# ##.#...
.....)#...## #.##..
......##...# #.....
..... #...## #..... ....
##...## #.#... ##...##
..##.. ##...# ##. #...##
##


You could see an orc priest, 2 orc wizards and an orc.

Vanquished Creatures
  2 adders
  A shadow imp (D:3)
  2 oozes
  A worm (D:2)
  3 dart slugs
  A leopard gecko (D:2)
  An orc (D:3)
  A giant cockroach (D:2)
  4 goblins
  7 hobgoblins
  5 bats
  3 frilled lizards (D:1)
  5 kobolds
  5 rats
41 creatures vanquished.

Notes
Turn   | Place    | Note
-------+----------+-------------------------------------------
     0 | D:1      | HoaS the Gargoyle Berserker began the quest for the Orb.
     0 | D:1      | Reached XP level 1. HP: 14/14 MP: 1/1
   214 | D:1      | Reached XP level 2. HP: 14/19 MP: 2/2
   651 | D:1      | Reached XP level 3. HP: 24/24 MP: 3/3
  1071 | D:2      | Reached ** piety under Trog
  1559 | D:3      | Reached XP level 4. HP: 29/29 MP: 4/4
  1913 | D:3      | Slain by an orc priest

Illustrated notes

Levels and vault maps discovered:
D:1:      onia_arrival_mini_spirals, layout_basic
D:2:      layout_loops_ring, kennysheep_pointless_box
D:3:      layout_rooms, serial_curves, eino_curves_04, eino_curves_02,
          grunt_ministairs_12, xom_redecorated, uniq_crazy_yiuf_cottage

Skill      XL: |  1  2  3 |
---------------+----------+-----
Unarmed Combat | 4 |  4.5
Fighting       | 4 |  4.1
Armour         | |  2.1
Dodging        | |  1.5

Action                   |  1- 3 |  4- 6 || total
-------------------------+-------+-------++-------
Melee: Unarmed           |   117 |    27 ||   144
       Punch             |     2 |       ||     2
Invok: Trog's Hand       |       |     1 ||     1
  Eat: Chunk             |     2 |     1 ||     3
Armor: Animal skin       |     8 |       ||     8
       Ring mail         |    30 |       ||    30
       Scale mail        |     7 |    13 ||    20
Dodge: Dodged            |    47 |    13 ||    60

Table legend:
 A = Non-vault XP
 B = Vault XP
 C = Vault XP percentage of total XP
 D = Non-vault monster count
 E = Vault monster count
 F = Vault count percentage of total count
                 A         B        C        D         E       F
            +---------+---------+-------+---------+---------+-------
      Total |     121 |       0 |   0.0 |      41 |       0 |   0.0
            +---------+---------+-------+---------+---------+-------
        D:1 |      42 |       0 |   0.0 |      22 |       0 |   0.0
        D:2 |      39 |       0 |   0.0 |      13 |       0 |   0.0
        D:3 |      40 |       0 |   0.0 |       6 |       0 |   0.0
            +---------+---------+-------+---------+---------+-------
